 Dungeon Crawl Stone Soup version 0.29.1-15-g9cfb28693d (webtiles) character file.

Game seed: 12938434069748682385

36 KobraLily the Firebug (level 3, -2/28 HPs)
             Began as a Naga Fire Elementalist on Apr 12, 2023.
             Was a Plaything of Xom.
             Slain by Crazy Yiuf
             ... wielding a +3 quarterstaff of chaos
              (11 damage)
             ... on level 3 of the Dungeon.
             The game lasted 00:07:07 (1500 turns).

KobraLily the Firebug (Naga Fire Elementalist)      Turns: 1500, Time: 00:07:19

Health: -2/28      AC:  2    Str: 10    XL:     3   Next: 37%
Magic:  4/6        EV: 10    Int: 17    God:    Xom [*.....]
Gold:   102        SH:  0    Dex: 11    Spells: 0/6 levels left

rFire   . . .      SeeInvis +   (no weapon)
rCold   . . .      Faith    .   (no shield)
rNeg    . . .      Spirit   .   a - +0 robe
rPois   +          Reflect  .   (no helmet)
rElec   .          Harm     .   (no cloak)
rCorr   .          Rampage  .   (no gloves)
Will    .....                   (no barding)
Stlth   ++........              (no amulet)
HPRegen 0.09/turn               l - ring of wizardry
MPRegen 0.10/turn               (no ring)

@: very slow
A: AC +1, large, see invisible, deformed body, poison resistance, slowness 2,
spit poison 1, naga tail 1
a: Spit Poison, Renounce Religion


You were on level 3 of the Dungeon.
You worshipped Xom.
You were a special plaything of Xom.
You visited 1 branch of the dungeon, and saw 3 of its levels.

You collected 135 gold pieces.
You spent 33 gold pieces at shops.

Inventory:

Missiles
 n - 6 datura-tipped darts (quivered)
Armour
 a - a +0 robe (worn)
Jewellery
 l - a ring of wizardry (left hand)
Scrolls
 e - 2 scrolls of fear
 f - a scroll of teleportation
 g - 2 scrolls of magic mapping
 h - a scroll of brand weapon {unknown}
 i - a scroll of summoning {unknown}
 m - 2 scrolls of amnesia {unknown}
Potions
 b - a potion of magic
 c - a potion of flight {unknown}
 d - 2 potions of attraction {unknown}
 j - a potion of haste {unknown}
 k - a potion of lignification {unknown}


   Skills:
 * Level 1.8 Dodging
 * Level 3.4 Stealth
 * Level 2.2 Spellcasting
 * Level 1.3 Conjurations
 * Level 3.7 Fire Magic


You couldn't memorise any spells.
You knew the following spells:

 Your Spells              Type           Power      Damage    Failure   Level
a - Foxfire               Conj/Fire      40%        2x1d6     2%          1
b - Scorch                Fire           28%        2d6       2%          2
c - Inner Flame           Hex/Fire       8%         N/A       11%         3

Your spell library contained the following spells:

 Spells                   Type           Power      Damage    Failure   Level
 Conjure Flame            Conj/Fire      10%        6-21      9%          3
 Ozocubu's Armour         Ice            1%         N/A       22%         3
 Flame Wave               Conj/Fire      10%        2d6       26%         4
 Ozocubu's Refrigeration  Ice            0%         4d7       100%        7


Dungeon Overview and Level Annotations

Branches:
Dungeon (3/15)

Altars:
Xom

Shops:
D:2 (

Annotations:
D:3 Crazy Yiuf


Innate Abilities, Weirdness & Mutations

Your serpentine skin is tough. (AC +1)
You have supernaturally acute eyesight. (SInv)
Armour fits poorly on your strangely shaped body.
Your system is resistant to poisons. (rPois)
You cover ground very slowly.
You can spit poison.
You have a snake-like lower body.


Message History

You feel aware of your surroundings.
You are now a special plaything of Xom.
The orc hits you but does no damage.
Aiming: Spit Poison (2% risk of failure)
Press: ? - help, Shift-Dir - straight line, f/p - orc
Aim: an orc, wielding a +0 club (59% to hit)
The splash of poison hits the orc.
The orc is lightly wounded.
The orc hits you with a +0 club.
Unknown command.
Casting: Scorch (safe; 2% risk of failure)
Confirm with . or Enter, or press ? or * to list all spells.
Flames lash the orc.
You kill the orc!
Things that are here:
a +0 club; an orc corpse You have got your breath back.
Found a hammer.
Found a runed translucent door.
You open the door.
Aiming: Spit Poison (2% risk of failure)
Press: ? - help, Shift-Dir - straight line, f - Crazy Yiuf
Aim: Crazy Yiuf, wielding a +3 quarterstaff of chaos and wearing a +0 cloak (asleep, 100% to hit)
The splash of poison hits Crazy Yiuf!
Crazy Yiuf is poisoned.
Crazy Yiuf is heavily wounded.
Crazy Yiuf shouts!
Casting: Scorch (safe; 2% risk of failure)
Confirm with . or Enter, or press ? or * to list all spells.
Flames lash Crazy Yiuf.
Crazy Yiuf is almost dead.
Crazy Yiuf's fire resistance burns away.
You have got your breath back.
Crazy Yiuf is no longer more vulnerable to fire.
Crazy Yiuf attacks as you move away!
Crazy Yiuf hits you with a +3 quarterstaff of chaos!
Crazy Yiuf burns you.
Crazy Yiuf hits you with a +3 quarterstaff of chaos!
You emit a cloud of colourful smoke!
You are electrocuted!
You die... "Huh?
Did I miss anything?"

# #...# # ###
... # #.. #'#
# #.#** ♣♣.♣
# #.# ♣.♣♣
#####.## ♣♣.♣
.......# ♣.♣♣
.......######
♣♣g♣♣
######......#
♣§@☼♣♣
#####.##
♣§§§.♣ #.#
#...§#
#.#####..##
#..)......#
######...##
#####


You could see Crazy Yiuf.

Vanquished Creatures
  An adder (D:3)
  An orc (D:3)
  2 endoplasms
  A giant cockroach (D:2)
  3 goblins
  5 hobgoblins
  2 quokkas (D:2)
  2 ball pythons (D:2)
  3 bats
  A kobold (D:2)
  2 rats
23 creatures vanquished.

Vanquished Creatures (others)
  12 foxfires
12 creatures vanquished.

Grand Total: 35 creatures vanquished

Notes
Turn   | Place    | Note
-------+----------+-------------------------------------------
     0 | D:1      | KobraLily the Naga Fire Elementalist began the quest for
                  | the Orb.
     0 | D:1      | Reached XP level 1. HP: 15/15 MP: 3/3
   928 | D:1      | Reached XP level 2. HP: 22/22 MP: 3/5
   931 | D:1      | Learned a level 2 spell: Scorch
   988 | D:2      | Found Wuvuro's Weapon Boutique.
  1253 | D:2      | Found a shimmering altar of Xom.
  1279 | D:2      | Became a worshipper of Xom of Chaos
  1395 | D:2      | Reached XP level 3. HP: 25/28 MP: 6/6
  1399 | D:2      | Learned a level 3 spell: Inner Flame
  1420 | D:2      | Bought 6 datura-tipped darts for 33 gold pieces
  1476 | D:3      | XOM: divination: magic mapping
  1489 | D:3      | Found a runed translucent door.
  1490 | D:3      | Noticed Crazy Yiuf
  1500 | D:3      | XOM: smoke on damage
  1500 | D:3      | Slain by Crazy Yiuf

Illustrated notes

Levels and vault maps discovered:
D:1:      amcnicky_arrival_feature_with_door, layout_loops_ring
D:2:      layout_basic, serial_shops, nicolae_shop_bloodbath_and_beyond,
          basic_altar, minmay_close_crescents
D:3:      layout_loops_ring, shapermc_ecumenical_altar_mp_urbaneastern,
          minmay_pentangle, uniq_crazy_yiuf_cottage

Action                   || total
-------------------------++-------
Melee: Unarmed           ||     1
 Cast: Foxfire           ||     7
       Scorch            ||    10
 Abil: Spit Poison       ||    23
  Use: Scroll            ||     3
Armor: Robe              ||     9
Dodge: Dodged            ||    21
